 Dungeon Crawl Stone Soup version 0.23-a0-644-gb60d84b (webtiles) character file.

128 Borgoz the Ruffian (level 5, -1/42 HPs)
             Began as a Ghoul Gladiator on Jan 1, 2019.
             Slain by a worker ant zombie (4 damage)
             ... on level 4 of the Dungeon.
             The game lasted 00:03:47 (2241 turns).

Borgoz the Ruffian (Ghoul Gladiator)                Turns: 2241, Time: 00:03:48

Health: -1/42      AC:  4    Str: 18    XL:     5   Next: 11%
Magic:  4/4        EV: 12    Int:  3    God:
Gold:   130        SH:  0    Dex: 11    Spells: 4/4 levels left

rFire    + . .     SeeInvis .     - Unarmed
rCold    + . .     Gourm    .   (no shield)
rNeg     + + +     Faith    .   a - +0 leather armour
rPois    ∞         Spirit   .   b - +0 helmet
rElec    .         Reflect  .   (no cloak)
rCorr    .         Harm     .   (no gloves)
MR       .....                  (no boots)
Stlth    +.........             (no amulet)
HPRegen  0.00/turn              m - ring of protection from fire (curse)
MPRegen  0.09/turn              (no ring)

@: rotting
A: rotting body, claws 1, carnivore, cold resistance 1, negative energy
resistance 3, inhibited regeneration, torment resistance, unbreathing
a: no special abilities


You were on level 4 of the Dungeon.
You were not hungry.

You visited 1 branch of the dungeon, and saw 4 of its levels.

You collected 130 gold pieces.

Inventory:

Missiles
 c - 3 throwing nets (quivered)
Armour
 a - a +0 leather armour (worn)
 b - a +0 helmet (worn)
 j - a +2 buckler
Jewellery
 m - a cursed ring of protection from fire (left claw)
Scrolls
 f - 6 scrolls of remove curse
 i - a scroll of amnesia
Potions
 e - 3 potions of haste
 g - a potion of flight
 k - 3 potions of brilliance
 o - a potion of ambrosia {unknown}
 r - a potion of agility {unknown}
Comestibles
 d - 5 rations
 h - 2 chunks of flesh


   Skills:
 + Level 2.5 Fighting
 - Level 1.7 Throwing
 + Level 1.8 Armour
 + Level 3.2 Dodging
 + Level 5.0 Unarmed Combat


You had 4 spell levels left.
You didn't know any spells.
Your spell library contained the following spells:

 Spells                   Type           Power        Failure   Level  Hunger
 Magic Dart               Conj           #...         58%         1    ##.....
 Blink                    Tloc           N/A          73%         2    ###....
 Call Imp                 Summ           #.......     73%         2    ###....
 Slow                     Hex            #.......     73%         2    ###....
 Conjure Flame            Conj/Fire      #.......     91%         3    ####...
 Mephitic Cloud           Conj/Pois/Air  #.......     91%         3    ####...


Dungeon Overview and Level Annotations

Branches:
Dungeon (4/15)
 Temple: D:4-7

Altars:
Qazlal


Innate Abilities, Weirdness & Mutations

Your body is rotting away.
You thrive on raw meat.
You are immune to poison.
You have sharp fingernails.
You are carnivorous and can eat meat at any time.
Your flesh is cold resistant. (rC+)
You are immune to negative energy. (rN+++)
You do not regenerate when monsters are visible.
You are immune to unholy pain and torment.
You can survive without breathing.


Message History

The worker ant zombie bites you.
* * * LOW HITPOINT WARNING * * *
The worker ant zombie barely misses you.
The worker ant zombie bites you.
* * * LOW HITPOINT WARNING * * *
The worker ant zombie barely misses you.
Unknown command.
You claw the worker ant zombie!
The worker ant zombie is heavily damaged.
The worker ant zombie closely misses you.
The worker ant zombie bites you.
* * * LOW HITPOINT WARNING * * *
You scratch the worker ant zombie.
The worker ant zombie is heavily damaged.
You feel yourself speed up. The worker ant zombie misses you.
You barely miss the worker ant zombie.
The worker ant zombie is heavily damaged.
The worker ant zombie bites you.
You die...

#.# ###.# #...#
#### .
##...#####.... #.
##...........).
##.##.....#.......
.........Z%Z..#
..........#Z#.....
..........#@# ..#
..........#.# .
..........#..
..........###.
..........# .#
........... #
8...######## ....
...


You could see 2 worker ant zombies.

Vanquished Creatures
  A hound skeleton (D:4)
  5 adders
  4 dart slugs
  3 leopard geckos
  An orc (D:4)
  5 bats
  4 giant cockroaches
  4 goblins
  8 hobgoblins
  3 jackals (D:3)
  2 quokkas
  A ball python (D:2)
  3 frilled lizards
  3 kobolds (D:1)
  11 rats
58 creatures vanquished.

Notes
Turn   | Place    | Note
-------+----------+-------------------------------------------
     0 | D:1      | Borgoz the Ghoul Gladiator began the quest for the Orb.
     0 | D:1      | Reached XP level 1. HP: 17/17 MP: 0/0
    66 | D:1      | Reached XP level 2. HP: 21/24 MP: 1/1
   350 | D:1      | Reached skill level 4 in Unarmed Combat
   373 | D:1      | Reached XP level 3. HP: 14/29 MP: 2/2
  1130 | D:2      | Reached skill level 1 in Armour
  1130 | D:2      | Reached XP level 4. HP: 31/37 MP: 3/3
  1475 | D:3      | Found a stormy altar of Qazlal.
  2186 | D:4      | Reached skill level 5 in Unarmed Combat
  2186 | D:4      | Reached XP level 5. HP: 29/42 MP: 4/4
  2205 | D:4      | HP: 2/42 [worker ant (5)]
  2241 | D:4      | Slain by a worker ant zombie

Vault maps used:
D:1:      shiori_shiawase
D:2:      wander_river
D:3:      nicolae_qazlal_eye_of_the_storm
D:4:      lemuel_round_altar, kennysheep_vampire_church, serial_undead,
          serial_undead_d, serial_undead_e, serial_undead_b, serial_undead_f,
          gup_sewer_entry_glass, minmay_box_of_dots, uniq_sigmund, uniq_grinder

Skill      XL: |  1  2  3  4 |
---------------+-------------+-----
Unarmed Combat | 4 5 |  5.0
Dodging        | 3 |  3.2
Armour         | 1 |  1.8
Fighting       | |  2.5
Throwing       | |  1.7

Action                   |  1- 3 |  4- 6 || total
-------------------------+-------+-------++-------
Melee: Unarmed           |    99 |    81 ||   180
       Punch             |     2 |     1 ||     3
  Use: Scroll            |       |    10 ||    10
       Potion            |       |     2 ||     2
  Eat: Chunk             |    11 |     1 ||    12
Armor: Leather armour    |    19 |    30 ||    49
Dodge: Dodged            |    59 |    64 ||   123

Table legend:
 A = Non-vault XP
 B = Vault XP
 C = Vault XP percentage of total XP
 D = Non-vault monster count
 E = Vault monster count
 F = Vault count percentage of total count
                 A         B        C        D         E       F
            +---------+---------+-------+---------+---------+-------
      Total |     164 |      19 |  10.4 |      57 |       1 |   1.7
            +---------+---------+-------+---------+---------+-------
        D:1 |      43 |       0 |   0.0 |      27 |       0 |   0.0
        D:2 |      58 |       0 |   0.0 |      15 |       0 |   0.0
        D:3 |      45 |       0 |   0.0 |      12 |       0 |   0.0
        D:4 |      18 |      19 |  51.4 |       3 |       1 |  25.0
            +---------+---------+-------+---------+---------+-------
